AoeStats
← SHIOZEN

Hideout

507513568Analyzed
1v1 RM · 14d ago on Sep 18, 2026· 42m 14s· 2 players
Game mode
Random Map
Map size
Tiny (2 player)
Population
200
Speed
Normal
Resources
Standard
Victory
Conquest
Starting age
Dark Age
Ending age
Imperial Age
RankedLock teamsTeams togetherTeam positionsShared explorationLock speedFull tech treeHidden civsTurbo modeCheats
Victory
Defeat
🇨🇴 Teutons · Colombia
1506
+15
🇨🇦 Spanish · Canada
1494
-15
DK
6:17 Loom
9:07 Feudal Age
10:26 Double-Bit Axe
22:43 Castle Age
22:41 Fletching
27:36 Horse Collar
36:53 Imperial Age
37:14 Capped Ram
SHIOZEN
6:39 Loom
9:15 Feudal Age
10:10 Double-Bit Axe
10:06 Horse Collar
21:28 Castle Age
21:19 Bloodlines
33:16 Town Watch
37:33 Imperial Age
35:23 Gold Mining
36:01 Heavy Plow
36:12 Bow Saw
37:09 Stone Mining
37:45 Scale Barding Armor
38:08 Cavalier
43:05 Chain Barding Armor
42:56 Forging
Connection lost

Rejoining the realm…

Still unreachable

The connection could not be restored.

Session expired

The server has moved on; the page needs a fresh start.